Map: [ESL] Alcyone

Players

ShoWTimE - Winner!

  • Race: Protoss Protoss
  • Spawn Location: 1:00

goblin

  • Race: Protoss Protoss
  • Spawn Location: 7:00

Event: ESL SC2 Masters 2024 Spring (Regional)

VOD

Have the link to the VOD?

Description

Time

  • Played on: April 25, 2024, 10:32 a.m.
  • Length: 7:31

All games in this series

Show
View Real Time Build Order
Export as new Build Order

ShoWTimE Protoss - Winner!

Build Orders: Oracle Opening 

Get SALT Encoding   

  12  0:00  Probe  
  13  0:12  Probe  
  14  0:17  Pylon  
  14  0:24  Probe (Chrono Boost)  
  15  0:36  Probe (Chrono Boost), Gateway  
  16  0:45  Assimilator, Probe (Chrono Boost)  
  17  0:50  Probe  
  18  1:01  Assimilator  
  18  1:03  Probe (Chrono Boost)  
  19  1:06  Gateway  
  19  1:13  Probe (Chrono Boost)  
  19  1:17  Probe (Chrono Boost)  
  20  1:23  Cybernetics Core  
  21  1:29  Probe  
  22  1:35  Pylon  
  22  1:41  Probe  
  23  1:53  Probe  
  24  1:59  Adept  
  26  2:03  Stargate  
  26  2:06  Warp Gate  
  26  2:15  Stalker  
  28  2:18  Pylon  
  28  2:19  Probe  
  29  2:29  Stalker  
  31  2:36  Probe  
  32  2:42  Pylon  
  32  2:50  Oracle (Chrono Boost)  
  32  2:55  Probe  
  36  3:11  Nexus  
  36  3:13  Probe  
  36  3:19  Oracle (Chrono Boost)  
  37  3:25  Probe  
  41  3:33  Pylon  
  41  3:37  Probe  
  42  3:46  Robotics Facility  
  42  3:49  Probe  
  43  4:02  Probe  
  42  4:14  Probe (Chrono Boost)  
  43  4:22  Shield Battery  
  43  4:23  Sentry  
  46  4:24  Probe (Chrono Boost)  
  46  4:26  Probe (Chrono Boost)  
  48  4:33  Probe (Chrono Boost)  
  48  4:34  Probe (Chrono Boost)  
  49  4:39  Probe (Chrono Boost)  
  49  4:40  Probe  
  49  4:44  Immortal  
  55  4:47  Assimilator  
  55  4:48  Pylon  
  55  4:51  Probe  
  55  4:52  Probe  
  57  4:58  Stalker x2  
  61  5:01  Phoenix  
  61  5:03  Probe  
  64  5:07  Pylon  
  64  5:09  Gateway  
  64  5:10  Probe  
  65  5:20  Observer, Probe  
  66  5:22  Pylon, Probe  
  68  5:29  Stalker x2  
  68  5:35  Probe  
  72  5:45  Immortal (Chrono Boost)  
  76  5:51  Nexus  
  76  5:54  Shield Battery  
  76  5:58  Sentry  
  76  5:59  Probe  
  76  6:00  Probe  
  76  6:02  Stalker  
  82  6:07  Stalker  
  84  6:11  Pylon  
  84  6:16  Probe  
  85  6:19  Probe  
  82  6:28  Probe  
  82  6:30  Stalker x2  
  88  6:39  Warp Prism (Chrono Boost)  
  88  6:45  Stalker, Probe  
  92  6:47  Probe  
  93  6:57  Probe  
  94  7:04  Observer  
  94  7:06  Stalker x2  
  94  7:07  Probe x2  
  101  7:14  Probe  
  98  7:22  Stalker  
  96  7:30  Gateway  
Show
View Real Time Build Order
Export as new Build Order

goblin Protoss 

Build Orders: Phoenix Opening, Zealot Archon 

Get SALT Encoding   

  12  0:00  Probe  
  13  0:12  Probe  
  14  0:17  Pylon  
  14  0:24  Probe (Chrono Boost)  
  15  0:36  Probe (Chrono Boost)  
  15  0:38  Gateway  
  16  0:45  Probe (Chrono Boost)  
  16  0:46  Assimilator  
  17  0:51  Probe  
  17  0:54  Assimilator  
  18  1:03  Probe (Chrono Boost)  
  19  1:07  Gateway  
  19  1:13  Probe (Chrono Boost)  
  20  1:18  Probe (Chrono Boost)  
  20  1:25  Cybernetics Core  
  21  1:29  Probe  
  21  1:32  Pylon  
  22  1:41  Probe  
  23  1:53  Probe  
  24  2:01  Sentry, Stalker, Warp Gate  
  26  2:05  Probe  
  29  2:10  Pylon  
  29  2:17  Probe  
  30  2:28  Stalker  
  30  2:29  Probe  
  33  2:31  Sentry  
  33  2:33  Phoenix  
  35  2:42  Probe  
  36  2:55  Sentry, Nexus  
  37  3:03  Probe  
  38  3:08  Robotics Facility  
  38  3:09  Pylon  
  38  3:17  Shield Battery  
  38  3:18  Probe  
  39  3:23  Shield Battery  
  39  3:30  Probe (Chrono Boost)  
  36  3:42  Probe (Chrono Boost)  
  36  3:46  Twilight Council  
  37  3:51  Probe (Chrono Boost)  
  37  3:52  Stalker  
  37  3:55  Stalker  
  42  3:56  Probe  
  42  4:07  Warp Prism  
  44  4:11  Probe (Chrono Boost)  
  44  4:14  Probe (Chrono Boost)  
  46  4:21  Probe (Chrono Boost)  
  46  4:22  Probe (Chrono Boost)  
  48  4:25  Probe (Chrono Boost)  
  48  4:30  Probe  
  50  4:36  Dark Shrine  
  49  4:41  Probe  
  49  4:45  Immortal (Chrono Boost)  
  50  4:50  Probe  
  55  4:54  Probe  
  55  5:02  Probe  
  55  5:03  Pylon  
  55  5:06  Probe  
  57  5:10  Adept x2  
  61  5:14  Probe  
  62  5:21  Probe  
  62  5:26  Pylon, Probe  
  64  5:29  Blink (Chrono Boost)  
  64  5:34  Probe  
  65  5:39  Probe  
  65  5:42  Pylon  
  69  5:53  Dark Templar  
  69  5:54  Dark Templar  
  69  5:56  Probe  
  71  5:57  Probe  
  71  5:59  Assimilator  
  71  6:01  Assimilator, Nexus  
  71  6:08  Probe  
  71  6:09  Probe  
  73  6:21  Probe x2  
  73  6:31  Dark Templar  
  69  6:33  Probe x2  
  69  6:36  Pylon, Stalker  
  69  6:37  Archon  
  73  6:41  Gateway  
  73  6:45  Probe x2  
  73  6:46  Immortal, Gateway  
  79  6:47  Gateway  
  79  6:51  Gateway  
  79  7:07  Pylon  
  79  7:10  Stalker x2  
Tags
 
Add a new tag
Caveats
  • Supply blocks, unpowered buildings, or Contaminate may cause inaccurate times.
  • Supply counts are checked every 10 seconds.